Map: Shrines of Lizul

Players

BazookaTuna

  • Race: Protoss Protoss
  • Spawn Location: 3:00

TorpedoTrout

  • Race: Zerg Zerg
  • Spawn Location: 12:00

AquAblAck - Winner!

  • Race: Zerg Zerg
  • League: Diamond
  • Spawn Location: 9:00

Sketchaphone - Winner!

  • Race: Zerg Zerg
  • League: Gold
  • Spawn Location: 6:00

VOD

Have the link to the VOD?

Description

Time

  • Played on: Nov. 10, 2018, 5:54 p.m.
  • Length: 9:36
Show
View Real Time Build Order
Export as new Build Order

BazookaTuna Protoss 

Build Orders: 1 Gate Expand, Oracle Opening 

Get SALT Encoding   

  12  0:00  Probe  
  13  0:12  Probe  
  14  0:18  Pylon  
  14  0:24  Probe  
  15  0:36  Gateway  
  15  0:49  Probe  
  16  0:51  Assimilator  
  16  1:01  Probe  
  17  1:13  Probe  
  18  1:23  Zealot  
  21  1:25  Probe  
  21  1:34  Pylon  
  21  1:41  Nexus  
  21  1:46  Probe  
  22  1:59  Probe, Cybernetics Core  
  23  2:05  Pylon  
  23  2:12  Assimilator  
  23  2:15  Probe  
  24  2:27  Stalker, Probe  
  25  2:36  Warp Gate  
  27  2:45  Probe  
  28  2:56  Probe  
  28  2:57  Probe  
  30  3:08  Probe, Stargate  
  30  3:09  Probe  
  32  3:20  Probe  
  32  3:21  Probe  
  32  3:22  Assimilator  
  32  3:24  Assimilator  
  34  3:32  Probe  
  34  3:33  Probe  
  36  3:34  Stargate  
  36  3:43  Gateway  
  36  3:44  Probe  
  36  3:45  Probe  
  38  3:52  Oracle  
  41  3:57  Probe x2  
  43  4:09  Probe x2  
  45  4:21  Probe x2  
  45  4:23  Pylon, Void Ray  
  51  4:30  Stalker  
  53  4:35  Probe  
  54  4:41  Void Ray  
  58  4:48  Pylon  
  58  4:52  Pylon  
  58  5:02  Stalker x2  
  58  5:06  Probe  
  60  5:08  Void Ray  
  64  5:18  Probe  
  65  5:23  Probe  
  66  5:28  Void Ray  
  66  5:30  Pylon  
  66  5:35  Probe  
  71  5:50  Void Ray  
  71  5:51  Probe  
  72  5:57  Stalker x2  
  72  6:03  Probe  
  81  6:15  Probe  
  81  6:16  Void Ray  
  86  6:26  Stargate  
  86  6:29  Nexus  
  86  6:31  Pylon  
  86  6:39  Pylon, Void Ray  
  86  6:41  Pylon  
  86  6:42  Protoss Air Weapons Level 1  
  86  6:43  Pylon  
  86  6:49  Probe  
  86  6:52  Void Ray  
  91  7:02  Probe  
  96  7:11  Pylon  
  73  7:36  Void Ray x2  
  73  7:55  Zealot x2  
  76  8:00  Probe  
  77  8:11  Probe  
  77  8:12  Gateway  
  74  8:19  Probe  
  74  8:21  Pylon  
  75  8:27  Probe  
  76  8:38  Probe  
  76  8:39  Pylon  
  53  8:51  Zealot x2, Probe  
  58  9:01  Probe  
  40  9:24  Stalker x2  
  40  9:25  Stalker  
Show
View Real Time Build Order
Export as new Build Order

TorpedoTrout Zerg 

Build Orders: Pool First 

Get SALT Encoding   

  12  0:01  Drone  
  13  0:09  Drone  
  14  0:23  Drone, Extractor  
  14  0:35  Spawning Pool  
  13  0:37  Drone  
  14  0:46  Overlord  
  14  1:05  Drone x3  
  17  1:23  Queen  
  17  1:24  Zergling x2  
  20  1:28  Zergling x2  
  21  1:39  Zergling x2  
  22  1:45  Metabolic Boost  
  22  1:51  Overlord  
  22  2:06  Overlord  
  22  2:10  Drone  
  23  2:22  Zergling x2  
  24  2:27  Roach Warren  
  23  2:33  Drone x4  
  27  2:38  Extractor  
  27  2:44  Drone  
  27  3:01  Drone  
  28  3:05  Overlord  
  28  3:08  Roach x2  
  32  3:31  Roach x3  
  38  3:40  Lair  
  38  3:44  Drone  
  38  3:45  Hatchery  
  38  3:51  Spore Crawler  
  38  3:53  Drone  
  38  4:03  Drone  
  38  4:07  Spore Crawler  
  38  4:09  Drone  
  39  4:16  Roach  
  40  4:20  Zergling x2  
  40  4:22  Roach  
  43  4:49  Hydralisk Den  
  42  4:52  Evolution Chamber  
  42  4:53  Drone x2  
  42  4:56  Roach  
  42  4:58  Overlord  
  45  5:07  Drone  
  45  5:08  Queen  
  48  5:19  Zerg Missile Weapons Level 1  
  48  5:23  Drone x3  
  48  5:26  Drone  
  52  5:28  Drone  
  52  5:31  Drone  
  53  5:52  Drone x3  
  41  6:17  Drone x2  
  42  6:25  Hydralisk  
  42  6:26  Hydralisk x2  
  48  6:35  Overseer  
  48  6:36  Hatchery  
  47  6:42  Roach x2  
  47  6:45  Zergling x2  
  52  6:53  Drone  
  53  6:55  Zergling x6  
  56  7:01  Hydralisk  
  56  7:04  Overlord  
  58  7:09  Drone  
  58  7:14  Overlord x2, Zerg Melee Weapons Level 1  
  55  8:00  Extractor  
  55  8:01  Drone  
  55  8:02  Drone, Extractor  
  55  8:03  Drone  
  55  8:04  Drone  
  55  8:05  Queen  
  57  8:06  Drone x2  
  57  8:11  Hydralisk x4  
  57  8:12  Hydralisk  
  71  8:19  Evolution Chamber  
  70  8:24  Infestation Pit, Drone  
  70  8:25  Drone  
  71  8:28  Drone x3  
  71  8:29  Drone x2  
  74  8:43  Hydralisk x4  
  74  8:44  Hydralisk  
  60  9:01  Zergling x6  
  63  9:07  Hydralisk x4  
  63  9:08  Hydralisk  
Show
View Real Time Build Order
Export as new Build Order

AquAblAck Zerg - Winner!

Build Orders: Hatch First 

Get SALT Encoding   

  12  0:01  Drone  
  13  0:12  Overlord  
  13  0:17  Drone  
  14  0:32  Drone x2  
  14  0:35  Drone  
  17  0:54  Hatchery  
  17  0:57  Drone  
  17  0:59  Extractor  
  17  1:01  Drone  
  17  1:15  Spawning Pool  
  17  1:18  Drone  
  17  1:23  Drone  
  18  1:31  Drone  
  19  1:40  Overlord  
  19  1:52  Drone  
  20  2:02  Queen  
  20  2:03  Zergling x2  
  20  2:04  Metabolic Boost  
  20  2:06  Queen  
  25  2:11  Zergling x2  
  25  2:14  Drone  
  27  2:17  Drone  
  27  2:21  Drone  
  29  2:35  Drone x2  
  31  2:42  Queen  
  33  2:44  Evolution Chamber  
  33  2:47  Drone x2  
  34  2:57  Drone  
  34  2:58  Drone  
  36  3:10  Overlord  
  36  3:12  Overlord  
  35  3:22  Zerg Ground Armor Level 1  
  35  3:26  Zergling x2  
  36  3:28  Queen, Zergling x4  
  36  3:29  Baneling Nest, Zergling x2  
  36  3:30  Zergling x2  
  41  3:39  Drone x2  
  43  3:50  Hatchery  
  43  3:53  Drone x2  
  45  3:55  Drone  
  45  4:08  Lair  
  46  4:10  Drone x3  
  46  4:13  Baneling x2  
  48  4:28  Drone  
  48  4:29  Drone x3  
  48  4:30  Extractor  
  51  4:32  Extractor  
  51  4:34  Zergling x4  
  52  4:39  Spore Crawler  
  51  4:57  Drone  
  52  5:00  Overlord x3  
  52  5:12  Spore Crawler  
  52  5:13  Hydralisk Den, Spore Crawler  
  50  5:14  Drone x4  
  50  5:15  Drone  
  50  5:16  Drone x4  
  50  5:18  Queen  
  60  5:22  Zerg Missile Weapons Level 1  
  60  5:43  Hydralisk  
  60  5:44  Hydralisk x5  
  71  5:56  Drone x2, Extractor  
  71  5:57  Drone x2  
  74  5:59  Drone x3  
  74  6:01  Grooved Spines  
  74  6:03  Zergling x6  
  80  6:19  Drone  
  80  6:23  Drone  
  82  6:25  Overlord  
  82  6:26  Overlord x2, Extractor  
  82  6:28  Zergling x4, Extractor  
  82  6:31  Centrifical Hooks  
  82  6:37  Overlord x2  
  82  6:46  Drone x4, Hydralisk  
  82  6:47  Drone, Hydralisk x2  
  93  7:00  Drone  
  93  7:01  Hydralisk x5  
  94  7:03  Zergling x6  
  94  7:06  Drone x2  
  109  7:19  Hydralisk x4  
  115  7:35  Muscular Augments  
  107  7:59  Zergling x2  
  107  8:00  Zergling x18  
  107  8:02  Baneling  
  107  8:03  Baneling x9  
  116  8:25  Hydralisk x3  
  122  8:27  Overlord x4  
  100  8:51  Zergling x4, Hydralisk x2  
  100  8:52  Zergling x2, Hydralisk x9  
  100  8:54  Zergling x8  
  120  9:11  Hydralisk x2  
  120  9:14  Zergling x4  
  134  9:26  Hatchery  
Show
View Real Time Build Order
Export as new Build Order

Sketchaphone Zerg - Winner!

Build Orders: Pool First 

Get SALT Encoding   

  12  0:01  Drone  
  13  0:13  Overlord  
  13  0:19  Drone  
  14  0:31  Drone x2  
  16  0:39  Drone  
  16  0:41  Extractor  
  16  0:55  Spawning Pool  
  15  0:58  Drone  
  15  1:00  Drone  
  17  1:20  Hatchery  
  16  1:27  Drone x2  
  16  1:30  Drone  
  19  1:57  Overlord  
  19  1:58  Zergling x2  
  20  2:06  Metabolic Boost  
  20  2:07  Queen  
  22  2:09  Overlord  
  22  2:24  Drone  
  22  2:25  Overlord  
  23  2:39  Drone  
  23  2:42  Queen, Drone  
  23  2:43  Drone  
  28  2:44  Drone  
  29  2:55  Drone  
  29  2:56  Drone  
  31  3:05  Overlord  
  31  3:06  Drone  
  32  3:27  Zergling x2  
  32  3:33  Zergling x10  
  38  3:40  Evolution Chamber  
  37  3:43  Spine Crawler  
  37  3:45  Zergling x4  
  38  3:51  Zergling x2  
  39  3:56  Zergling x2  
  40  4:04  Zergling x8  
  44  4:15  Queen  
  46  4:21  Zerg Melee Weapons Level 1  
  46  4:22  Zergling x10  
  46  4:23  Overlord  
  51  4:30  Roach Warren, Drone x2  
  52  4:32  Overlord  
  52  4:42  Spore Crawler  
  52  4:44  Spore Crawler  
  39  5:11  Queen  
  39  5:12  Overlord x2  
  39  5:13  Zergling x2  
  39  5:14  Zergling x2  
  43  5:24  Drone x2  
  43  5:25  Drone  
  46  5:36  Queen  
  38  6:09  Zergling x2, Drone  
  38  6:10  Zergling x18  
  45  6:16  Drone x2  
  45  6:21  Drone  
  46  6:27  Drone  
  46  6:29  Drone  
  48  7:04  Lair  
  48  7:17  Spore Crawler  
  48  7:18  Spore Crawler  
  43  7:32  Hatchery  
  37  7:43  Zergling x28  
  43  7:52  Spore Crawler  
  43  7:54  Drone x2  
  44  8:12  Drone x4  
  47  8:32  Infestation Pit  
  39  8:51  Zergling x18  
  39  8:55  Zergling x2  
  45  8:57  Zergling x2  
  45  8:58  Queen  
  45  8:59  Zergling x6  
  51  9:05  Zergling x6  
  56  9:19  Drone x3  
Tags
 
Add a new tag
Caveats
  • Supply blocks, unpowered buildings, or Contaminate may cause inaccurate times.
  • Supply counts are checked every 10 seconds.